 Dungeon Crawl Stone Soup version 0.16-a0-1026-ge901fcf (webtiles) character file.

228 Two the Digger (level 6, -3/32 HPs)
             Began as a Gargoyle Earth Elementalist on Oct 3, 2014.
             Killed by divine providence
             ... invoked by an orc priest
              (11 damage)
             ... on level 2 of the Dungeon.
             The game lasted 00:21:36 (2859 turns).

Two the Digger (Gargoyle Earth Elementalist)        Turns: 2859, Time: 00:21:37

HP  -3/32        AC 11     Str 12      XL: 6   Next:  2%
MP   2/12        EV 10     Int 22      God:
Gold 81          SH  0     Dex 10      Spells:  3 memorised,  5 levels left

rFire  . . .     SeeInvis .     B - -2 spear (curse)
rCold  . . .     Clarity  .     h - +1 leather armour
rNeg   + . .     rCorr    .     (no shield)
rPois  +         rRot     +     (no helmet)
rElec  +         Spirit   .     (no cloak)
SustAb .         Warding  .     (no gloves)
rMut   .         Stasis   .     (no boots)
Gourm  .                        (no amulet)
MR     .....                    (no ring)
                                (no ring)

@: brilliant, stone skin, slowed, very slow, not resistant to hostile
enchantments, unstealthy
A: negative energy resistance 1, electricity resistance, unbreathing,
petrification resistance, rot immunity, AC +4
a: no special abilities


You were on level 2 of the Dungeon.
You were hungry.

You visited 1 branch of the dungeon, and saw 3 of its levels.

You collected 81 gold pieces.

Inventory:

Hand weapons
 e - a +0 hand axe of freezing
 j - a +0 dagger
 k - a +0 dagger
 l - a +0 spear
 n - a +4 short sword
 q - a +1 whip of venom
 B - a cursed -2 spear (weapon)
Missiles
 b - 104 stones (quivered)
 m - 12 poisoned needles
 x - 3 tomahawks
Armour
 c - a +0 robe
 h - a +1 leather armour (worn)
 A - a +0 ring mail
Magical devices
 t - a wand of polymorph (9)
Comestibles
 a - 2 bread rations
 i - a meat ration
 w - a fruit
Scrolls
 g - a scroll of enchant weapon
 o - 6 scrolls of identify
Potions
 f - 2 potions of brilliance
 p - a potion of heal wounds {unknown}
 r - a potion of cancellation
 s - a potion of cure mutation {unknown}
 u - a potion of flight {unknown}
 v - a potion of curing
Books
 d - a book of Geomancy

   Spells                             Type                      Level
   *Sandblast                         Earth                        1
   *Stoneskin                         Transmutation/Earth          2
   Passwall                           Transmutation/Earth          3
   *Stone Arrow                       Conjuration/Earth            3
   Petrify                            Transmutation/Earth          4
   Lee's Rapid Deconstruction         Earth                        5


   Skills:
 - Level 1.5 Dodging
 - Level 2.1 Stealth
 - Level 3.0 Spellcasting
 - Level 0.7 Transmutations
 * Level 7.2 Earth Magic


You had 5 spell levels left.
You knew the following spells:

 Your Spells              Type           Power        Failure   Level  Hunger
a - Sandblast             Erth           #####.       1%          1    None
b - Stoneskin             Trmt/Erth      ####....     1%          2    ##.....
c - Stone Arrow           Conj/Erth      ####..       1%          3    ###....


Dungeon Overview and Level Annotations

Branches:
Dungeon (3/15)

Altars:
Okawaru
Trog

Annotations:
D:3 Grinder


Innate Abilities, Weirdness & Mutations

You are resistant to torment.
You are immune to poison.
Your stone body is very resilient (AC +4).
You resist negative energy.
You are resistant to electric shocks.
You can survive without breathing.
You are immune to petrification.
You are immune to rotting.


Message History

The orc barely misses you.
The orc wizard gestures wildly while chanting.
The orc wizard blinks!
The orc priest calls down the wrath of Beogh upon you.
Something smites you!
The orc wizard casts a spell.
The orc wizard blinks!
The orc hits you but does no damage.
The orc priest mumbles some strange prayers to Beogh against you.
Something smites you!
* * * LOW HITPOINT WARNING * * *
Drink which item? (? for menu, Esc to quit)
You feel clever all of a sudden.
It was a potion of brilliance.
The orc priest hits you but does no damage.
The orc hits you but does no damage.
Drink which item? (? for menu, Esc to quit)
You feel better.
It was a potion of curing.
The orc priest calls down the wrath of Beogh upon you.
Something smites you!
You die...

#.......#....# #.........# ###
#..>....#....# #.........#######
#.......#....# #................
#.......###### #........###.....
........# #........#.......
........# ##########.......
........# #.....<.
..##'#######################.....
..##.#........oo@o............###
####.#.###############..........#
####.#.#....#........+..........#
..............########..........#
####.#.#.#................###....
#.#.#.########################
#.#.#)#....................#..
#.#.#............########.####
#.#..............##...#...####


You could see an orc priest, an orc wizard and an orc.

Vanquished Creatures
  Natasha (D:3)
  Jessica (D:3)
  6 adders
  5 gnolls
  A giant mite (D:2)
  3 worms (D:2)
  A giant gecko (D:2)
  7 orcs (D:3)
  A giant cockroach (D:2)
  6 goblins
  3 hobgoblins (D:1)
  4 jackals (D:2)
  An ooze (D:3)
  3 ball pythons
  5 bats
  3 giant newts
  7 kobolds
  3 rats
61 creatures vanquished.

Notes
Turn   | Place    | Note
--------------------------------------------------------------
     0 | D:1      | Two, the Gargoyle Earth Elementalist, began the quest for the Orb.
     0 | D:1      | Reached XP level 1. HP: 10/10 MP: 3/3
   172 | D:1      | Reached skill level 4 in Earth Magic
   317 | D:1      | Reached XP level 2. HP: 9/15 MP: 2/4
   527 | D:1      | Reached XP level 3. HP: 19/19 MP: 4/6
   672 | D:1      | Learned a level 2 spell: Stoneskin
   963 | D:2      | Found an iron altar of Okawaru.
  1254 | D:2      | Found a bloodstained altar of Trog.
  1274 | D:2      | Reached XP level 4. HP: 24/24 MP: 5/9
  1320 | D:2      | Reached skill level 5 in Earth Magic
  1881 | D:2      | Reached XP level 5. HP: 28/28 MP: 6/11
  2037 | D:2      | Reached skill level 6 in Earth Magic
  2273 | D:3      | Noticed Jessica
  2301 | D:3      | Killed Jessica
  2321 | D:3      | Noticed Grinder
  2333 | D:3      | Paralysed by Grinder for 7 turns
  2701 | D:3      | Learned a level 3 spell: Stone Arrow
  2723 | D:3      | Noticed Natasha
  2733 | D:3      | Killed Natasha
  2733 | D:3      | Reached skill level 7 in Earth Magic
  2845 | D:3      | Reached XP level 6. HP: 32/32 MP: 9/12
  2859 | D:2      | Killed from afar by an orc priest

Action                   |  1- 3 |  4- 6 || total
-------------------------+-------+-------++-------
Melee: Spear             |    14 |    37 ||    51
       Dagger            |     8 |       ||     8
       Whip              |    61 |    27 ||    88
       Short sword       |     7 |       ||     7
Throw: Stone             |     1 |     2 ||     3
 Cast: Sandblast         |    27 |    79 ||   106
       Stoneskin         |     3 |     9 ||    12
       Stone Arrow       |       |     3 ||     3
Evoke: Wand              |       |     1 ||     1
  Use: Scroll            |       |     5 ||     5
       Potion            |       |     2 ||     2
  Eat: Chunk             |     2 |     5 ||     7
